 Dungeon Crawl Stone Soup version 0.14.0-26-g1682e81 (webtiles) character file.

442 Quh the Magician (level 6, -4/34 HPs)
             Began as a Deep Elf Wizard on Apr 28, 2014.
             Killed from afar by an orc wizard (10 damage)
             ... with a magic dart
             ... on Level 4 of the Dungeon.
             The game lasted 00:19:20 (2884 turns).

Quh the Magician (Deep Elf Wizard)                  Turns: 2884, Time: 00:19:20

HP  -4/34        AC  7     Str  6      XL: 6   Next: 12%
MP   7/21        EV 12     Int 23      God:
Gold 146         SH  0     Dex 13      Spells:  4 memorised,  8 levels left

rFire  . . .     SeeInvis .     (no weapon)
rCold  . . .     Clarity  .     a - +0 robe
rNeg   . . .     Conserve .     (no shield)
rPois  .         rCorr    .     b - +0 hat
rElec  .         rRot     .     (no cloak)
SustAb . .       Spirit   .     j - +0 pair of gloves
rMut   .         Warding  .     (no boots)
Saprov . . .     Stasis   .     (no amulet)
MR     .....                    (no ring)
                                y - +4 ring of protection

@: lethally poisoned, very slightly contaminated, not resistant to hostile
enchantments, fairly stealthy
A: no striking features
a: no special abilities


You were on level 4 of the Dungeon.
You were not hungry.

You visited 1 branch of the dungeon, and saw 4 of its levels.

You collected 146 gold pieces.

Inventory:

Missiles
 f - 20 darts (quivered)
 r - 2 darts of dispersal
Armour
 a - a +0 robe (worn)
 b - a +0 hat (worn)
 j - a +0 pair of gloves (worn)
Magical devices
 o - a wand of digging (11) {unknown}
Comestibles
 d - 3 bread rations
 s - a pear
 w - a meat ration
 A - a rotting chunk of adder flesh
 C - 2 chunks of orc flesh
Scrolls
 e - 3 scrolls of remove curse
 g - 3 scrolls of enchant weapon I {unknown}
 m - 4 scrolls of identify
 n - a scroll of recharging {unknown}
 t - a scroll of blinking {unknown}
 u - a scroll of random uselessness {unknown}
 x - a scroll of fog {unknown}
Jewellery
 y - a +4 ring of protection (left hand)
Potions
 h - a potion of flight
 i - a potion of might
 k - a potion of restore abilities {unknown}
 l - 2 potions of curing
 p - a potion of magic {unknown}
 q - a potion of brilliance {unknown}
 v - 2 potions of berserk rage {unknown}
 z - a potion of heal wounds {unknown}
Books
 c - a book of Minor Magic

   Spells                             Type                      Level
   *Magic Dart                        Conjuration                  1
   *Blink                             Translocation                2
   *Call Imp                          Summoning                    2
   *Repel Missiles                    Charms/Air                   2
   Slow                               Hexes                        2
   Conjure Flame                      Conjuration/Fire             3
   Mephitic Cloud                     Conjuration/Poison/Air       3


   Skills:
 - Level 1.0 Fighting
 - Level 2.4 Dodging
 - Level 2.4 Stealth
 + Level 5.4 Spellcasting
 * Level 3.2 Conjurations
 * Level 3.4 Charms
 * Level 3.1 Summonings
 * Level 2.6 Translocations
 + Level 0.8 Air Magic


You had 8 spell levels left.
You knew the following spells:

 Your Spells              Type           Power        Failure   Level  Hunger
a - Magic Dart            Conj           ###.         2%          1    None
b - Call Imp              Summ           ###.....     3%          2    None
c - Blink                 Tloc           N/A          4%          2    None
d - Repel Missiles        Chrm/Air       ###...       10%         2    None


Dungeon Overview and Level Annotations

Branches:
Dungeon (4/15)
 Temple: D:4-7

Altars:


Message History

You feel sick. The orc wizard misses you.
The orc closely misses your crimson imp.
Your crimson imp barely misses the worker ant.
The worker ant closely misses you.
Your crimson imp hits the orc wizard.
You feel sick. The orc wizard barely misses you.
The orc wizard closely misses you. The orc barely misses your crimson imp.
Your crimson imp hits the orc wizard.
You swap places.
The orc wizard gestures wildly while chanting.
The orc wizard blinks!
Your crimson imp hits the worker ant.
The worker ant barely misses you.
You feel sick.
The orc wizard gestures wildly while chanting.
The orc wizard blinks!
Your crimson imp closely misses the worker ant.
You feel sick.
Your crimson imp disappears in a puff of smoke!
The orc wizard gestures at you while chanting.
The magic dart hits you!
You die...

##########
#........#
#.§......#
#........# #
#........# .#
#..)@a.5.#
..#
#.o.§5...##.#
#....o...#..#
#..........#
#........###
##.#######
#.# #.# #..


You could see a worker ant, an orc wizard, an orc and 2 friendly crimson imps.

Vanquished Creatures
  The ghost of ant87 the Chucker, an average TrHu (D:3)
  A hound (D:3)
  An orc wizard (D:3)
  5 adders
  2 giant geckos
  An orc (D:3)
  7 bats
  A giant cockroach (D:2)
  11 hobgoblins
  5 ball pythons
  A giant newt (D:1)
  4 goblins
  5 kobolds
  A quokka (D:3)
  4 rats
50 creatures vanquished.

Vanquished Creatures (collateral kills)
  A worker ant (D:3)
  4 adders
  3 gnolls (D:3)
  A worm (D:3)
  3 orcs
  2 kobolds (D:3)
  A giant gecko (D:3)
  A giant newt (D:2)
  A goblin (D:2)
  A rat (D:3)
18 creatures vanquished.

Vanquished Creatures (others)
  A crimson imp (D:3)
  An iron imp (D:3)
  2 shadow imps
4 creatures vanquished.

Grand Total: 72 creatures vanquished

Notes
Turn   | Place    | Note
--------------------------------------------------------------
     0 | D:1      | Quh, the Deep Elf Wizard, began the quest for the Orb.
     0 | D:1      | Reached XP level 1. HP: 10/10 MP: 6/6
   240 | D:1      | Reached XP level 2. HP: 16/16 MP: 3/9
   295 | D:1      | Learned a level 2 spell: Call Imp
   298 | D:1      | Learned a level 2 spell: Blink
   301 | D:1      | Learned a level 2 spell: Repel Missiles
   456 | D:1      | Reached skill level 1 in Fighting
   838 | D:2      | Reached XP level 3. HP: 20/20 MP: 6/13
  1091 | D:2      | Reached skill level 1 in Charms
  1233 | D:2      | Reached skill level 5 in Spellcasting
  1506 | D:2      | Reached XP level 4. HP: 23/25 MP: 3/17
  1863 | D:3      | Noticed ant87's ghost (average TrHu)
  1899 | D:3      | Killed ant87's ghost
  1899 | D:3      | Reached XP level 5. HP: 29/29 MP: 0/19
  2428 | D:3      | Reached XP level 6. HP: 34/34 MP: 16/21
  2884 | D:4      | Killed from afar by an orc wizard

Action                   |  1- 3 |  4- 6 || total
-------------------------+-------+-------++-------
Melee: Unarmed           |       |     2 ||     2
 Cast: Magic Dart        |    80 |    58 ||   138
       Blink             |     7 |    10 ||    17
       Call Imp          |    15 |    29 ||    44
  Use: Scroll            |     1 |     1 ||     2
       Potion            |     1 |       ||     1
